% Time on Ice - REGINA FALCONS
Lines # - Real PCT - Wanted PCT - Time Play
Normal Forward
1 - 39% - 36% - 19:40
2 - 31% - 31% - 15:45
3 - 23% - 23% - 11:39
4 - 8% - 10% - 3:53
Normal Defense
1 - 37% - 36% - 18:51
2 - 32% - 31% - 16:16
3 - 26% - 23% - 13:08
4 - 5% - 10% - 2:42
PP Forward
1 - 69% - 55% - 2:08
2 - 31% - 45% - 0:58
PP Defense
1 - 69% - 55% - 2:08
2 - 31% - 45% - 0:58
PK Forward
1 - 50% - 55% - 1:58
2 - 50% - 45% - 2:00
PK Defense
1 - 43% - 55% - 1:43
2 - 57% - 45% - 2:15
PK3 Forward
1 - 0% - 55%
2 - 0% - 45%
PK3 Defense
1 - 0% - 55%
2 - 0% - 45%
44 Forward
1 - 56% - 55% - 1:07
2 - 44% - 45% - 0:52
44 Defense
1 - 44% - 55% - 0:52
2 - 56% - 45% - 1:07
Last Minute Offensive  - 0:00
Last Minute Defensive  - 0:00
Total
Forward - 60:00
Defense - 60:00
% Time on Ice - PORTLAND PIRATES
Lines # - Real PCT - Wanted PCT - Time Play
Normal Forward
1 - 34% - 33% - 17:32
2 - 33% - 33% - 16:57
3 - 22% - 22% - 11:11
4 - 10% - 12% - 5:17
Normal Defense
1 - 35% - 34% - 17:39
2 - 35% - 34% - 17:47
3 - 23% - 22% - 11:34
4 - 8% - 10% - 3:57
PP Forward
1 - 64% - 60% - 2:32
2 - 36% - 40% - 1:26
PP Defense
1 - 62% - 60% - 2:27
2 - 38% - 40% - 1:31
PK Forward
1 - 80% - 60% - 2:28
2 - 20% - 40% - 0:38
PK Defense
1 - 57% - 60% - 1:46
2 - 43% - 40% - 1:20
PK3 Forward
1 - 0% - 55%
2 - 0% - 45%
PK3 Defense
1 - 0% - 55%
2 - 0% - 45%
44 Forward
1 - 45% - 55% - 0:54
2 - 55% - 45% - 1:05
44 Defense
1 - 45% - 55% - 0:54
2 - 55% - 45% - 1:05
Last Minute Offensive  - 0:00
Last Minute Defensive  - 0:00
Total
Forward - 60:00
Defense - 60:00
Play-by-Play 1st period 0:01 of 1st period - Mika Zibanejad wins face-off versus Rickard Rakell in neutral zone. 0:06 of 1st period - David Pastrnak is hit by Travis Konecny and loses puck. 0:35 of 1st period - Shot by Mika Zibanejad. 0:35 of 1st period - Shot Blocked by Aaron Ekblad. 0:52 of 1st period - Minor Penalty to Yanni Gourde for Holding. 0:52 of 1st period - Minor Penalty to John Klingberg for Holding. 0:53 of 1st period - Chandler Stephenson wins face-off versus Rickard Rakell in REGINA FALCONS zone. 2:09 of 1st period - Shot by Mika Zibanejad. 2:09 of 1st period - Shot Blocked by Eric Robinson. 2:33 of 1st period - Shot by Travis Konecny. 2:33 of 1st period - Shot Blocked by Alexander Edler. 2:35 of 1st period - Shot by Travis Konecny. 2:35 of 1st period - Shot Blocked by Alexander Edler. 2:37 of 1st period - Shot by Travis Konecny. 2:37 of 1st period - Stopped by Strauss Mann with a rebound. 2:39 of 1st period - Shot by Nick Holden. 2:39 of 1st period - Shot Misses the Net. 2:41 of 1st period - Shot by Mika Zibanejad. 2:41 of 1st period - Stopped by Strauss Mann without a rebound. 2:42 of 1st period - Mika Zibanejad wins face-off versus Max Jones in REGINA FALCONS zone. 4:32 of 1st period - Shot by Eric Robinson. 4:32 of 1st period - Shot Blocked by Marc Staal. 4:48 of 1st period - Shot by Ivan Provorov. 4:48 of 1st period - Shot Blocked by Robert Thomas. 4:57 of 1st period - Icing by Robert Thomas. 4:58 of 1st period - Chandler Stephenson wins face-off versus Rickard Rakell in PORTLAND PIRATES zone. 5:41 of 1st period - Shot by Mika Zibanejad. 5:41 of 1st period - Stopped by Strauss Mann without a rebound. 5:42 of 1st period - Michael McLeod wins face-off versus Simon Ryfors in REGINA FALCONS zone. 5:55 of 1st period - Shot by Nathan Bastian. 5:55 of 1st period - Stopped by Strauss Mann with a rebound. 5:57 of 1st period - Shot by Thomas Chabot. 5:57 of 1st period - Shot Misses the Net. 6:43 of 1st period - Shot by Travis Konecny. 6:43 of 1st period - Stopped by Strauss Mann without a rebound. 6:44 of 1st period - Sammy Walker wins face-off versus Chandler Stephenson in REGINA FALCONS zone. 6:52 of 1st period - Off-side. 6:53 of 1st period - Mika Zibanejad wins face-off versus Rickard Rakell in neutral zone. 7:01 of 1st period - Mika Zibanejad is hit by Ty Smith and loses puck. 7:45 of 1st period - David Pastrnak is hit by Thomas Chabot and loses puck. 9:04 of 1st period - Shot by Michael Amadio. 9:04 of 1st period - Stopped by Strauss Mann without a rebound. 9:05 of 1st period - Mika Zibanejad wins face-off versus Rickard Rakell in REGINA FALCONS zone. 9:16 of 1st period - Shot by Mika Zibanejad. 9:16 of 1st period - Stopped by Strauss Mann without a rebound. 9:17 of 1st period - Sam Steel wins face-off versus Greg Meireles in REGINA FALCONS zone. 9:33 of 1st period - Minor Penalty to Travis Hamonic for Interference. 9:34 of 1st period - Michael McLeod wins face-off versus Rickard Rakell in PORTLAND PIRATES zone. 9:40 of 1st period - Icing by Rickard Rakell. 9:41 of 1st period - Rickard Rakell wins face-off versus Nathan Bastian in REGINA FALCONS zone. 10:02 of 1st period - Shot by Michael McLeod. 10:02 of 1st period - Shot Misses the Net. 10:12 of 1st period - Shot by Rickard Rakell. 10:12 of 1st period - Shot Misses the Net. 10:14 of 1st period - Shot by Andrei Kuzmenko. 10:14 of 1st period - Deflect By David Pastrnak. 10:14 of 1st period - Stopped by Martin Jones without a rebound. 10:15 of 1st period - Simon Ryfors wins face-off versus Yanni Gourde in PORTLAND PIRATES zone. 10:30 of 1st period - Shot by Ivan Provorov. 10:30 of 1st period - Stopped by Martin Jones without a rebound. 10:31 of 1st period - Rickard Rakell wins face-off versus Yanni Gourde in PORTLAND PIRATES zone. 10:36 of 1st period - Shot by Rickard Rakell. 10:36 of 1st period - Shot Misses the Net. 10:40 of 1st period - Shot by Rickard Rakell. 10:40 of 1st period - Goal by Rickard Rakell - REGINA FALCONS : 1 - PORTLAND PIRATES : 0. 10:41 of 1st period - Mika Zibanejad wins face-off versus Simon Ryfors in neutral zone. 10:46 of 1st period - Ivan Provorov is hit by Travis Konecny. 11:12 of 1st period - Shot by Mika Zibanejad. 11:12 of 1st period - Deflect By Travis Konecny. 11:12 of 1st period - Shot Misses the Net. 11:46 of 1st period - Shot by Sam Steel. 11:46 of 1st period - Deflect By Michael Amadio. 11:46 of 1st period - Stopped by Strauss Mann without a rebound. 11:47 of 1st period - David Pastrnak wins face-off versus Chandler Stephenson in REGINA FALCONS zone. 11:47 of 1st period - David Pastrnak is hit by Chandler Stephenson. 12:04 of 1st period - Rickard Rakell is hit by Marc Staal and loses puck. 12:08 of 1st period - Rickard Rakell is hit by Marc Staal and loses puck. 12:15 of 1st period - Shot by David Pastrnak. 12:15 of 1st period - Stopped by Martin Jones without a rebound. 12:16 of 1st period - Greg Meireles wins face-off versus Michael Amadio in PORTLAND PIRATES zone. 12:39 of 1st period - Shot by William Carrier. 12:39 of 1st period - Stopped by Strauss Mann without a rebound. 12:40 of 1st period - Chandler Stephenson wins face-off versus Rickard Rakell in REGINA FALCONS zone. 12:41 of 1st period - Shot by Robert Thomas. 12:41 of 1st period - Stopped by Strauss Mann without a rebound. 12:42 of 1st period - Chandler Stephenson wins face-off versus Rickard Rakell in REGINA FALCONS zone. 13:15 of 1st period - Rickard Rakell is hit by Chandler Stephenson and loses puck. 13:20 of 1st period - Shot by Chandler Stephenson. 13:20 of 1st period - Shot Blocked by John Klingberg. 13:22 of 1st period - Shot by Travis Hamonic. 13:22 of 1st period - Shot Misses the Net. 13:35 of 1st period - Icing by Brian Dumoulin. 13:36 of 1st period - Robert Thomas wins face-off versus Greg Meireles in PORTLAND PIRATES zone. 13:53 of 1st period - Shot by Max Jones. 13:53 of 1st period - Stopped by Martin Jones without a rebound. 13:54 of 1st period - Sam Steel wins face-off versus Simon Ryfors in PORTLAND PIRATES zone. 14:47 of 1st period - William Carrier is hit by Aaron Ekblad and loses puck. 15:03 of 1st period - Minor Penalty to Pavel Zacha for Hooking. 15:04 of 1st period - Michael McLeod wins face-off versus Rickard Rakell in PORTLAND PIRATES zone. 17:09 of 1st period - Off-side. 17:10 of 1st period - Mika Zibanejad wins face-off versus Jeffrey Viel in neutral zone. 17:17 of 1st period - Shot by Travis Konecny. 17:17 of 1st period - Stopped by Strauss Mann with a rebound. 17:19 of 1st period - Shot by Travis Konecny. 17:19 of 1st period - Stopped by Strauss Mann without a rebound. 17:20 of 1st period - Chandler Stephenson wins face-off versus Sammy Walker in REGINA FALCONS zone. 19:00 of 1st period - Icing by Mika Zibanejad. 19:01 of 1st period - Mika Zibanejad wins face-off versus Rickard Rakell in PORTLAND PIRATES zone. 19:30 of 1st period - Shot by Rickard Rakell. 19:30 of 1st period - Stopped by Martin Jones without a rebound. 19:31 of 1st period - Michael McLeod wins face-off versus Greg Meireles in PORTLAND PIRATES zone. 19:40 of 1st period - Shot by Brett Pesce. 19:40 of 1st period - Stopped by Strauss Mann without a rebound. 19:41 of 1st period - Sam Steel wins face-off versus Greg Meireles in REGINA FALCONS zone. Goals for this period are 1 for REGINA FALCONS vs 0 for PORTLAND PIRATES. Shots for this period are 6 for REGINA FALCONS vs 13 for PORTLAND PIRATES. 2nd period 0:01 of 2nd period - Rickard Rakell wins face-off versus Mika Zibanejad in neutral zone. 1:16 of 2nd period - Shot by William Carrier. 1:16 of 2nd period - Shot Misses the Net. 1:18 of 2nd period - Shot by Nathan Bastian. 1:18 of 2nd period - Shot Misses the Net. 2:08 of 2nd period - Shot by Alexander Edler. 2:08 of 2nd period - Stopped by Martin Jones without a rebound. 2:09 of 2nd period - Mika Zibanejad wins face-off versus Sammy Walker in PORTLAND PIRATES zone. 2:21 of 2nd period - Shot by Travis Konecny. 2:21 of 2nd period - Goal by Travis Konecny - REGINA FALCONS : 1 - PORTLAND PIRATES : 1. 2:22 of 2nd period - Chandler Stephenson wins face-off versus Greg Meireles in neutral zone. 2:25 of 2nd period - Aaron Ekblad is hit by Chandler Stephenson and loses puck. 2:38 of 2nd period - Shot by Chandler Stephenson. 2:38 of 2nd period - Stopped by Strauss Mann without a rebound. 2:39 of 2nd period - Sam Steel wins face-off versus David Pastrnak in REGINA FALCONS zone. 2:39 of 2nd period - Sam Steel is hit by Alexander Edler. 2:55 of 2nd period - Shot by Sam Steel. 2:55 of 2nd period - Shot Misses the Net. 3:31 of 2nd period - Shot by Mika Zibanejad. 3:31 of 2nd period - Shot Blocked by Rickard Rakell. 3:34 of 2nd period - Travis Konecny is hit by Alexander Edler and loses puck. 4:08 of 2nd period - Shot by Travis Konecny. 4:08 of 2nd period - Stopped by Strauss Mann without a rebound. 4:09 of 2nd period - Chandler Stephenson wins face-off versus Simon Ryfors in REGINA FALCONS zone. 4:16 of 2nd period - Shot by Robert Thomas. 4:16 of 2nd period - Shot Blocked by Eric Robinson. 5:33 of 2nd period - Icing by Ivan Provorov. 5:34 of 2nd period - Mika Zibanejad wins face-off versus Greg Meireles in REGINA FALCONS zone. 5:37 of 2nd period - Shot by Pavel Zacha. 5:37 of 2nd period - Shot Misses the Net. 6:19 of 2nd period - Shot by Travis Konecny. 6:19 of 2nd period - Deflect By Mika Zibanejad. 6:19 of 2nd period - Stopped by Strauss Mann without a rebound. 6:20 of 2nd period - Simon Ryfors wins face-off versus Michael McLeod in REGINA FALCONS zone. 6:31 of 2nd period - Icing by John Klingberg. 6:32 of 2nd period - Chandler Stephenson wins face-off versus Simon Ryfors in REGINA FALCONS zone. 6:44 of 2nd period - Shot by Eric Robinson. 6:44 of 2nd period - Stopped by Martin Jones without a rebound. 6:45 of 2nd period - Sam Steel wins face-off versus Rickard Rakell in PORTLAND PIRATES zone. 6:49 of 2nd period - Off-side. 6:50 of 2nd period - Sam Steel wins face-off versus Rickard Rakell in neutral zone. 6:54 of 2nd period - Brett Pesce is hit by Erik Gustafsson and loses puck. 6:58 of 2nd period - Icing by Ivan Provorov. 6:59 of 2nd period - Rickard Rakell wins face-off versus Mika Zibanejad in REGINA FALCONS zone. 7:12 of 2nd period - Shot by David Pastrnak. 7:12 of 2nd period - Stopped by Martin Jones without a rebound. 7:13 of 2nd period - Simon Ryfors wins face-off versus William Carrier in PORTLAND PIRATES zone. 7:33 of 2nd period - Nathan Bast